 Dungeon Crawl Stone Soup version 0.32-a0-17-gb74e046682 (webtiles) character file.

Game seed: 11979380718451610765

71985 cforsyth the Warrior (level 15, -2/180 HPs)
             Began as an Oni Shapeshifter on Jan 15, 2024.
             Was the Champion of Qazlal.
             Slain by a spectral anaconda (13 damage)
             ... on level 5 of the Lair of Beasts.
             The game lasted 00:35:54 (21678 turns).

cforsyth the Warrior (Oni Shapeshifter)            Turns: 21678, Time: 00:35:55

Health: -2/180     AC:  7    Str: 28    XL:     15   Next: 38%
Magic:  15/15      EV: 16    Int: 11    God:    Qazlal [******]
Gold:   1047       SH:  8    Dex:  8    Spells: 14/14 levels left

rFire   . .          .
                       - Unarmed
rCold   . . .        (shield currently unavailable)
rNeg    . . .        g - melded +1 robe {Will+}
rPois   .            (helmet restricted)
rElec   .            q - +2 cloak
rCorr   .            (gloves unavailable)
SInv    +            (boots unavailable)
Will    +....        N - amulet of regeneration
Stlth   +            e - ring of see invisible
HPRegen 1.30/turn    a - ring of flight
MPRegen 0.14/turn

%: repel missiles
@: flux-form, protected from physical damage, flying, glowing
A: glow, contaminating, large, unfitting armour, horns 1, tough skin 1, double
potion healing, drunken brawling
a: Begin Untransformation, Renounce Religion, Upheaval, Elemental Force,
Disaster Area


You were on level 5 of the Lair of Beasts.
You worshipped Qazlal.
Qazlal was exalted by your worship.
You were something dangerously unstable.
You visited 3 branches of the dungeon, and saw 18 of its levels.
You also visited: Bailey.

You collected 1152 gold pieces.
You spent 105 gold pieces at shops.

Inventory:

Hand Weapons
 b - a +9 broad axe
Armour
 g - a +1 robe of willpower (melded)
 q - a +2 cloak (worn)
Jewellery
 a - a ring of flight (right hand)
 e - a ring of see invisible (left hand)
 l - a ring of resist corrosion
 G - a +5 ring of evasion
 H - the ring of Quasch {Ice Dex+6}
   (You found it on level 4 of the Lair of Beasts)

   [ring of ice]

   Ice:       It enhances your ice magic.
   Dex+6:     It affects your dexterity (+6).
   rF-:       It makes you vulnerable to fire.
   rC+:       It protects you from cold.
 N - an amulet of regeneration (around neck)
 O - a +6 ring of intelligence
 P - a ring of protection from cold
 W - a ring of fire
 Y - a ring of ice
Talismans
 d - a flux talisman (active)
 C - a beast talisman
Wands
 w - a wand of flame (5)
 F - a wand of mindburst (6)
 L - a wand of iceblast (14)
 Q - a wand of paralysis (11)
 Z - a wand of acid (2)
Scrolls
 c - 4 scrolls of identify
 i - 9 scrolls of immolation
 k - a scroll of acquirement {unknown}
 o - a scroll of enchant weapon
 s - a scroll of fog {unknown}
 t - 2 scrolls of noise
 v - 7 scrolls of revelation
 B - 3 scrolls of vulnerability
 I - a scroll of brand weapon {unknown}
 J - 3 scrolls of enchant armour
 M - 3 scrolls of fear {unknown}
 R - 3 scrolls of poison
 S - 2 scrolls of teleportation
 U - 3 scrolls of torment
 V - 2 scrolls of summoning {unknown}
 X - 2 scrolls of amnesia {unknown}
Potions
 f - 4 potions of haste
 h - 6 potions of might
 j - 2 potions of cancellation
 m - 5 potions of curing
 n - 2 potions of berserk rage
 r - 2 potions of ambrosia
 u - a potion of mutation {unknown}
 x - 3 potions of enlightenment
 z - 3 potions of brilliance
 A - 2 potions of invisibility
 D - 2 potions of attraction
 E - 2 potions of lignification
 T - a potion of heal wounds


   Skills:
 + Level 19.1 Fighting
 + Level 9.5 Dodging
 + Level 12.7 Unarmed Combat
 + Level 14.1 Shapeshifting


You had 14 spell levels left.
You didn't know any spells.
Your spell library contained the following spells:

 Spells                   Type           Power      Damage    Failure   Level
 Ensorcelled Hibernation  Hex/Ice        0%         N/A       47%         2
 Jinxbite                 Hex            0%         N/A       47%         2
 Dazzling Flash           Conj/Hex       0%         N/A       71%         3
 Passwall                 Erth           0%         N/A       71%         3
 Swiftness                Air            0%         N/A       71%         3
 Tukima's Dance           Hex            0%         N/A       71%         3
 Volatile Blastmotes      Fire/Tloc      0%         2d10      71%         3
 Dimensional Bullseye     Hex/Tloc       0%         N/A       98%         4
 Iskenderun's Mystic Bla  Conj/Tloc      0%         2d3       98%         4
 Summon Forest            Summ/Tloc      0%         N/A       100%        5
 Summon Mana Viper        Hex/Summ       0%         N/A       100%        5
 Yara's Violent Unravell  Hex/Alch       0%         3d3       100%        5
 Starburst                Conj/Fire      0%         6d3       100%        6
 Summon Cactus Giant      Summ           0%         N/A       100%        6
 Enfeeble                 Hex            0%         N/A       100%        7
 Maxwell's Capacitive Co  Air            0%         ∞         100%        8


Dungeon Overview and Level Annotations

Branches:
Dungeon (12/15)            Temple (1/1) D:4            Lair (5/5) D:8
 Shoals (0/4) Lair:2       Spider (0/4) Lair:2        Slime (0/5) Lair:5
    Orc (0/2) D:12         Bailey (visited)

Altars:
Ashenzari
Cheibriados
Dithmenos
Elyvilon
Fedhas
Gozag
Hepliaklqana
Kikubaaqudgha
Makhleb
Nemelex Xobeh
Okawaru
Qazlal
Ru
Sif Muna
Trog
Uskayaw
Vehumet
Wu Jian
Xom
Yredelemnul
Zin
The Shining One
Jiyva

Shops:
D:7 (   D:9 ?   D:11 (

Annotations:
Lair:4 3 runed translucent doors, Hohuss's ghost, journeyman MiCA
Lair:5 exclusions: obsidian statue and oklob plant


Innate Abilities, Weirdness & Mutations

You are something dangerously unstable.
You glow with magical radiation, making you easy to see and hit.
Foes you strike become dangerously contaminated with magical radiation.
You are incapable of wielding weapons or throwing items.
You are too large for most types of armour.
You have a pair of small horns on your head.
You have tough skin. (AC +1)
You gain doubled healing and magic from potions.
Whenever you drink a healing potion, you attack all around you.


Message History

The dire elephant is severely wounded.
The dire elephant tramples you.
* * * LOW HITPOINT WARNING * * *
You are shoved backwards!
You hit the dire elephant.
The dire elephant glows dangerously bright.
You headbutt the dire elephant, but do no damage.
The dire elephant is severely wounded.
The dire elephant tramples you!!
* * * LOW HITPOINT WARNING * * *
You hold your ground!
The dire elephant trunk-slaps you.
* * * LOW HITPOINT WARNING * * *
You feel more protected from physical attacks.
The dire elephant tramples you!
* * * LOW HITPOINT WARNING * * *
You are shoved backwards!
You punch the dire elephant!
The dire elephant shudders as magic cascades through it!
The dire elephant twists and deforms.
You headbutt the dire elephant.
The dire elephant is almost dead.
You block the dire elephant's attack. The dire elephant trunk-slaps you.
* * * LOW HITPOINT WARNING * * *
You feel more protected from physical attacks.
You hit the dire elephant but do no damage.
The dire elephant begins to glow.
The dire elephant is almost dead.
You block the dire elephant's attack. The dire elephant closely misses you.
You punch the dire elephant!
The dire elephant glows dangerously bright.
You headbutt the dire elephant.
You kill the dire elephant!
Qazlal accepts your kill.
Your life force feels restored.
You hit the spectral anaconda.
The spectral anaconda begins to glow.
The spectral anaconda is severely damaged.
You block the spectral anaconda's attack.
The spectral anaconda bites you!
* * * LOW HITPOINT WARNING * * *
The spectral anaconda misses you. The spectral anaconda bites you!
You die...

.................................
.................................
................[)...............
.................................
.................................
...............................♣.
##♣###♣♣.÷÷†..P♣########'''######
#########♣....###................
#8.....##♣♣♣##.p.#####8.⌠.8#####
#......# ####Z### .###8.8###..#
#8.....####....# ~~.#######8...
#######'#....#### ≈≈≈≈#8...8#.(..
)# #.#)####.8#Y~≈≈≈'...$/#%... +#
#...#P..Y.Z..~≈p'...[}#8... 8♣
#8..#....8##.~~##8...8##... ..♣
###''#''#### ## ####
...P##P..†#...#


You could see a spectral anaconda (contam).

Vanquished Creatures
  Rupert (Lair:3)
  An orc warlord (Bailey)
  3 dire elephants (Lair:5)
  3 hydras
  Harold (D:9)
  A catoblepas (Lair:2)
  Erica (D:9)
  2 two-headed ogres
  3 boulder beetles (D:11)
  3 death yaks (Lair:2)
  4 spectral death yaks (Lair:5)
  2 skysharks
  2 skeletal warriors (D:12)
  An orb spider (Lair:2)
  Pikel (D:4)
  2 orc knights (Bailey)
  A deep elf pyromancer (D:12)
  3 necromancers (Lair:5)
  Maurice (D:7)
  2 ugly things (D:12)
  2 cyclopes (D:11)
  2 manticores
  20 elephants
  2 black mambas
  4 gargoyles (D:8)
  A torpor snail (Lair:1)
  14 cane toads
  An unseen horror (D:12)
  A dire elephant skeleton (Lair:5)
  3 rime drakes
  7 komodo dragons
  Psyche (D:9)
  4 polar bears
  6 trolls
  A hornet (D:8)
  18 blink frogs
  2 slime creatures (D:12)
  Sigmund (D:2)
  3 vampires
  3 wyverns
  48 yaks
  5 vampire mosquitoes (D:12)
  5 basilisks
  A steam dragon (Lair:2)
  Menkaure (D:7)
  Edmund (D:5)
  2 acid dragons
  3 spectral cane toads (Lair:5)
  14 water moccasins
  A swamp drake (D:12)
  An ice beast (D:6)
  18 orc warriors
  2 sky beasts
  3 black bears
  4 boggarts (D:11)
  2 elephant zombies (Lair:5)
  4 elephant skeletons (Lair:5)
  16 wolves
  2 centaurs
  2 kobold brigands (D:10)
  15 bullfrogs
  2 gnoll sergeants
  4 scorpions
  2 cane toad simulacra (Lair:5)
  4 wights (D:6)
  An elephant simulacrum (Lair:5)
  19 killer bees
  3 howler monkeys
  3 electric eels (Lair:3)
  5 jellies
  A bombardier beetle (D:5)
  4 orc priests
  2 gnoll boudas
  7 hounds
  2 sleepcaps
  11 orc wizards
  3 iguanas
  5 hell rats (Lair:3)
  Robin (D:2)
  23 gnolls
  5 adders
  A shadow imp (D:8)
  2 dart slugs
  A ribbon worm (D:2)
  41 orcs
  8 ball pythons
  7 bats
  2 bat skeletons (D:2)
  A bat zombie (D:2)
  7 endoplasms
  3 giant cockroaches
  35 goblins
  18 hobgoblins
  6 jackals
  3 quokkas
  A frilled lizard (D:1)
  2 giant cockroach zombies (D:2)
  24 kobolds
  4 rats
  4 butterflies (Lair:3)
561 creatures vanquished.

Vanquished Creatures (others)
  An orc wizard (D:8)
  A goblin (D:8)
2 creatures vanquished.

Grand Total: 563 creatures vanquished

Notes
Turn   | Place    | Note
-------+----------+-------------------------------------------
     0 | D:1      | cforsyth the Oni Shapeshifter began the quest for the Orb.
     0 | D:1      | Reached XP level 1. HP: 19/19 MP: 1/1
   187 | D:1      | Reached skill level 2 in Fighting
   220 | D:1      | Reached XP level 2. HP: 28/28 MP: 2/2
   822 | D:2      | Reached skill level 3 in Fighting
   822 | D:2      | Reached XP level 3. HP: 37/37 MP: 3/3
  1190 | D:2      | Reached XP level 4. HP: 40/45 MP: 4/4
  1504 | D:2      | Found a faded altar of an unknown god.
  1528 | D:2      | Reached skill level 4 in Fighting
  1532 | D:2      | Found a basalt altar of Yredelemnul.
  1639 | D:2      | Noticed Robin
  1665 | D:2      | Killed Robin
  1666 | D:2      | Reached XP level 5. HP: 34/55 MP: 5/5
  1864 | D:2      | Noticed Sigmund
  1871 | D:2      | Killed Sigmund
  1872 | D:2      | Reached skill level 5 in Fighting
  1872 | D:2      | Reached XP level 6. HP: 60/67 MP: 6/6
  1929 | D:2      | Reached skill level 5 in Shapeshifting
  2606 | D:3      | Noticed a black bear
  2613 | D:3      | Killed a black bear
  2614 | D:3      | Reached skill level 6 in Fighting
  2930 | D:4      | Found a staircase to the Ecumenical Temple.
  2958 | Temple   | Entered the Ecumenical Temple
  2974 | Temple   | Became a worshipper of Qazlal Stormbringer
  2987 | D:4      | Reached XP level 7. HP: 39/76 MP: 7/7
  3161 | D:4      | Reached skill level 7 in Fighting
  3775 | D:4      | Noticed Pikel
  3792 | D:4      | Killed Pikel
  3793 | D:4      | Reached skill level 8 in Fighting
  3793 | D:4      | Reached XP level 8. HP: 62/91 MP: 8/8
  4317 | D:5      | Entered Level 5 of the Dungeon
  4550 | D:5      | Reached skill level 9 in Fighting
  5176 | D:5      | Noticed Edmund
  5196 | D:5      | Killed Edmund
  5197 | D:5      | Reached skill level 10 in Fighting
  5590 | D:6      | Reached XP level 9. HP: 78/102 MP: 9/9
  6177 | D:6      | HP: 4/91 [wight/+0 long sword (3)]
  6186 | D:6      | Reached skill level 11 in Fighting
  7417 | D:7      | Noticed Menkaure
  7427 | D:7      | Killed Menkaure
  7487 | D:7      | Noticed Maurice
  7495 | D:7      | Reached skill level 12 in Fighting
  7497 | D:7      | Maurice stole a beast talisman
  7498 | D:7      | Maurice stole a +4 spear
  7499 | D:7      | Maurice stole 254 gold
  7501 | D:7      | Maurice stole a ring of resist corrosion
  7502 | D:7      | Killed Maurice
  7617 | D:7      | Reached * piety under Qazlal
  7679 | D:7      | Reached XP level 10. HP: 109/118 MP: 10/10
  7712 | D:7      | Found Vyackih's Weapon Shop.
  7951 | D:7      | Reached skill level 13 in Fighting
  8482 | D:8      | Found a broken altar of Ashenzari.
  8568 | D:8      | Found a flagged portal.
  8682 | Bailey   | Entered a bailey
  8793 | Bailey   | Reached skill level 10 in Shapeshifting
  8895 | Bailey   | Reached ** piety under Qazlal
  9417 | Bailey   | Noticed an orc knight
  9427 | Bailey   | Killed an orc knight
  9428 | Bailey   | Reached skill level 14 in Fighting
  9693 | Bailey   | Noticed an orc warlord
  9713 | Bailey   | Killed an orc warlord
  9956 | Bailey   | Noticed an orc knight
 10104 | Bailey   | Killed an orc knight
 10105 | Bailey   | Reached XP level 11. HP: 83/131 MP: 11/11
 10301 | Bailey   | Reached XP level 12. HP: 140/140 MP: 12/12
 10336 | D:8      | Noticed a two-headed ogre
 10356 | D:8      | Killed a two-headed ogre
 10449 | D:8      | Reached skill level 15 in Fighting
 10573 | D:8      | Found a white marble altar of Elyvilon.
 10573 | D:8      | Found a hazy altar of Hepliaklqana.
 10576 | D:8      | Found a glowing golden altar of the Shining One.
 10578 | D:8      | Found a shimmering altar of Xom.
 10605 | D:8      | Found an ancient bone altar of Kikubaaqudgha.
 10648 | D:8      | Found a staircase to the Lair.
 10672 | D:8      | Reached *** piety under Qazlal
 11374 | D:8      | Found a shimmering blue altar of Sif Muna.
 11486 | D:8      | Found an ornate altar of the Wu Jian Council.
 11681 | D:9      | Noticed Erica
 11706 | D:9      | Killed Erica
 12052 | D:9      | Noticed Harold
 12067 | D:9      | Killed Harold
 12233 | D:9      | Noticed Psyche
 12236 | D:9      | Paralysed by Psyche for 1 turns
 12240 | D:9      | Killed Psyche
 12537 | D:9      | Reached **** piety under Qazlal
 12644 | D:9      | Found Oqugurra's Magic Scroll Emporium.
 12648 | D:9      | Bought a scroll of identify for 30 gold pieces
 12648 | D:9      | Bought a scroll of teleportation for 45 gold pieces
 12648 | D:9      | Bought a scroll of identify for 30 gold pieces
 12827 | D:10     | Entered Level 10 of the Dungeon
 12890 | D:10     | Reached skill level 10 in Unarmed Combat
 13075 | D:10     | Reached skill level 5 in Dodging
 13078 | D:10     | Reached skill level 16 in Fighting
 13278 | D:10     | Reached XP level 13. HP: 115/152 MP: 13/13
 13725 | D:11     | Found Sinukoror's Weapon Boutique.
 14408 | D:12     | Reached ***** piety under Qazlal
 14926 | D:12     | Found a staircase to the Orcish Mines.
 15650 | Lair:1   | Entered Level 1 of the Lair of Beasts
 15675 | Lair:1   | Reached skill level 17 in Fighting
 16774 | Lair:1   | Reached XP level 14. HP: 166/166 MP: 14/14
 16924 | Lair:2   | Found a hazy altar of Hepliaklqana.
 16970 | Lair:2   | Found a staircase to the Shoals.
 17507 | Lair:2   | Found a hole to the Spider Nest.
 17789 | Lair:3   | Noticed Rupert
 17806 | Lair:3   | Killed Rupert
 17953 | Lair:3   | Reached skill level 18 in Fighting
 17956 | Lair:3   | Reached ****** piety under Qazlal
 19054 | Lair:4   | Noticed Hohuss's ghost (journeyman MiCA)
 19528 | Lair:4   | Identified the ring of Quasch {Ice Dex+6}
 19751 | Lair:4   | Found a runed translucent gate.
 19751 | Lair:4   | Found a runed translucent gate.
 19751 | Lair:4   | Found a runed translucent gate.
 19999 | Lair:5   | Entered Level 5 of the Lair of Beasts
 20483 | Lair:5   | Reached XP level 15. HP: 105/178 MP: 15/15
 20572 | Lair:5   | Found a staircase to the Slime Pits.
 20577 | Lair:5   | Found a viscous altar of Jiyva.
 21433 | Lair:5   | Reached skill level 19 in Fighting
 21678 | Lair:5   | Slain by a spectral anaconda

Illustrated notes

Levels and vault maps discovered:
D:1:      roderic_crossed_star, layout_loops_ring, st_stairs_4
D:2:      layout_basic, hellmonk_ecumenical_altar_blasted, serial_undead,
          serial_undead_c, serial_undead_a, serial_undead_c, serial_undead_c,
          basic_altar, uniq_robin, uniq_sigmund
D:3:      layout_loops_ring
D:4:      layout_basic, temple_pool_b, uniq_pikel
D:5:      layout_rooms, uniq_edmund
D:6:      layout_basic, ebering_dispersal_statue_hall,
          serial_library_hellmonk_room_b
D:7:      layout_loops_ring, serial_shops, nicolae_shop_behind_doors,
          grunt_ministairs_12, minmay_unpleasant_kobolds, uniq_menkaure,
          uniq_maurice
D:8:      cheibrodos_statue_roulette, layout_cave_pools,
          nicolae_wu_jian_immortal_techniques, evilmike_ruin_ashenzari,
          grunt_temple_overflow_open, grunt_lair_entry_orc_guard_hut,
          enter_bailey_3
D:9:      layout_gridville, serial_shops, nicolae_shop_rolled_up, uniq_harold,
          uniq_psyche, uniq_erica
D:10:     layout_cave_pods, grunt_ministairs_10
D:11:     layout_rooms, serial_shops, nicolae_shop_bloodbath_and_beyond
D:12:     layout_roguey, erik_orc_1, minmay_alternating_orb
Temple:   eino_narrow_crystal_temple
Lair:1:   layout_regular_city, chequers_serial_rivers_small_3
Lair:2:   layout_misc_corridors, elwin_shoals_entry_rocks,
          nicolae_spider_entry_orb_guardian, basic_altar, minivault_23
Lair:3:   beast_lair_carwin_large_3, layout_cave_shapes, serial_bayou_shore_a,
          infiniplex_staircase_pool_2, lemuel_fruit_fields, uniq_rupert
Lair:4:   layout_cave_pods, maelrawn_ghost_gauntlet_escape
Lair:5:   due_jungle_book, layout_regular_city, nicolae_slime_entry_field_trip,
          serial_bayou_pond_e, lemuel_oklob_altar

Skill      XL: |  1  2  3  4  5  6  7  8  9 10 11 12 13 14 15 |
---------------+----------------------------------------------+-----
Fighting       | 2 3 4 5 6 8 10 12 14 16 17 18 19 | 19.1
Shapeshifting  | 4 5 6 7 9 11 12 13 14 | 14.1
Dodging        | 2 5 7 8 9 |  9.5
Unarmed Combat | 3 9 10 11 12 | 12.7

Action                     |  1- 3 |  4- 6 |  7- 9 | 10-12 | 13-15 || total
---------------------------+-------+-------+-------+-------+-------++-------
  Melee: Unarmed           |    78 |   157 |   317 |   549 |   983 ||  2084
         Headbutt          |    12 |    33 |    71 |   129 |   281 ||   526
         Punch             |       |     1 |       |       |     1 ||     2
  Evoke: Wand              |       |       |       |    17 |    14 ||    31
    Use: Potion            |       |     1 |     6 |     2 |     2 ||    11
         Scroll            |       |       |     8 |     7 |     6 ||    21
   Stab: Sleeping          |     1 |       |       |       |       ||     1
 Armour: Animal skin       |    18 |       |       |       |       ||    18
         Robe              |    55 |    48 |       |       |       ||   103
         Skin              |       |    36 |   207 |   319 |   549 ||  1111
  Dodge: Dodged            |    56 |    99 |   222 |   316 |   533 ||  1226
         Repelled          |       |       |       |       |     4 ||     4
  Block: Other             |       |       |       |    72 |   261 ||   333
   Form: Flux              |       |     1 |       |       |       ||     1

Table legend: (Time is in decaauts)
 A = Elapsed time spent in this place.
 B = Non-inter-level travel time spent in this place.
 C = Inter-level travel time spent in this place.
 D = Time resting spent in this place.
 E = Time spent auto-exploring this place.
 F = Levels seen in this place.
 G = Mean time per level.
                   A        B        C        D        E       F      G
               +--------+--------+--------+--------+--------+-----+--------+
         Total |  21422 |  20839 |    583 |   2178 |  14706 |  19 | 1127.5 |
       Dungeon |  13830 |  13330 |    500 |   1219 |   9761 |  12 | 1152.5 |
        Temple |    106 |     90 |     16 |     81 |      0 |   1 |  106.0 |
          Lair |   5872 |   5806 |     66 |    173 |   4440 |   5 | 1174.4 |
        Bailey |   1613 |   1613 |      0 |    704 |    505 |   1 | 1613.0 |
               +--------+--------+--------+--------+--------+-----+--------+

Top non-repeatable levels by time:
     D:7: 1632 daAuts
  Bailey: 1613 daAuts
  Lair:5: 1605 daAuts
     D:4: 1525 daAuts
     D:8: 1472 daAuts
     D:6: 1438 daAuts
     D:2: 1313 daAuts
     D:9: 1248 daAuts
  Lair:3: 1167 daAuts
  Lair:1: 1149 daAuts
    D:12: 1113 daAuts
  Lair:4: 1034 daAuts
     D:5: 925 daAuts
  Lair:2: 916 daAuts
    D:10: 880 daAuts
